 Dungeon Crawl Stone Soup version 0.26-a0-54-g15ccc7ae60 (webtiles) character file.

Game seed: 1816821235464969192

399 Ozzies the Skirmisher (level 6, -8/60 HPs)
             Began as a Minotaur Fighter on June 7, 2020.
             Was a Follower of Okawaru.
             Mangled by a two-headed ogre
             ... wielding a +0 giant club
              (12 damage)
             ... on level 4 of the Dungeon.
             The game lasted 00:07:35 (2484 turns).

Ozzies the Skirmisher (Minotaur Fighter)            Turns: 2484, Time: 00:07:36

Health: -8/60      AC:  9    Str: 23    XL:     6   Next: 53%
Magic:  5/5        EV:  7    Int:  5    God:    Okawaru [*.....]
Gold:   254        SH:  9    Dex:  9    Spells: 5/5 levels left

rFire    . . .     SeeInvis .   a - +0 war axe
rCold    . . .     Gourm    .   c - +0 kite shield
rNeg     . . .     Faith    .   b - +0 scale mail
rPois    .         Spirit   .   (helmet restricted)
rElec    .         Reflect  .   e - +0 cloak
rCorr    .         Harm     .   h - +0 pair of gloves
MR       .....                  (no boots)
Stlth    ..........             (no amulet)
HPRegen  0.20/turn              (no ring)
MPRegen  0.09/turn              (no ring)

@: no status effects
A: retaliatory headbutt, horns 2
a: Heroism, Renounce Religion


You were on level 4 of the Dungeon.
You worshipped Okawaru.
Okawaru was aware of your devotion.
You were not hungry.

You visited 1 branch of the dungeon, and saw 4 of its levels.

You collected 254 gold pieces.

Inventory:

Hand Weapons
 a - a +0 war axe (weapon)
Armour
 b - a +0 scale mail (worn)
 c - a +0 kite shield (worn)
 e - a +0 cloak (worn)
 h - a +0 pair of gloves (worn)
Scrolls
 j - 3 scrolls of identify {unknown}
 l - a scroll of enchant weapon {unknown}
 m - a scroll of teleportation {unknown}
 p - a scroll of random uselessness {unknown}
 q - a scroll of amnesia {unknown}
 r - a scroll of magic mapping {unknown}
Potions
 d - 2 potions of might
 g - a potion of cancellation {unknown}
 i - 2 potions of lignification {unknown}
 k - 4 potions of curing {unknown}
 n - a potion of degeneration {unknown}
 o - a potion of resistance {unknown}
 s - a potion of heal wounds {unknown}
Comestibles
 f - 8 rations
 t - 2 chunks of flesh


   Skills:
 * Level 7.4 Fighting
 + Level 5.0 Axes
 - Level 4.0 Armour
 - Level 4.0 Shields


You had 5 spell levels left.
You didn't know any spells.
Your spell library was empty.

Dungeon Overview and Level Annotations

Branches:
Dungeon (4/15)             Temple (0/1) D:4

Altars:
Elyvilon
Okawaru


Innate Abilities, Weirdness & Mutations

You reflexively headbutt those who attack you in melee.
You have a pair of horns on your head.


Message History

You slash the two-headed ogre!
The two-headed ogre is moderately wounded.
The two-headed ogre hits you with a +0 giant club!
You block the two-headed ogre's attack.
You barely miss the two-headed ogre.
Your headbutt misses the two-headed ogre.
The two-headed ogre is moderately wounded.
The two-headed ogre hits you with a +0 giant club!
The two-headed ogre hits you with a +0 giant club!!
* * * LOW HITPOINT WARNING * * *
You are too injured to fight recklessly!
You are too injured to fight recklessly!
You are too injured to fight recklessly!
You are too injured to fight recklessly!
You are too injured to fight recklessly!
You are too injured to fight recklessly!
You are too injured to fight recklessly!
You see here 15 stones.
The two-headed ogre hits you with a +0 giant club!
You die...

##.# ###'###
#.......#
#.####⌠.⌠####......#
#....'.>.#........#
######⌠.⌠####...###
###'### #.###
###.### #(# #.# #.#
#.# #O# #.#####@#
#.......# #########


You could see a two-headed ogre.

Vanquished Creatures
  The ghost of p0werm0de the Shield-Bearer, an amateur OpFi (D:3)
  2 scorpions (D:4)
  A centaur skeleton (D:4)
  An orc wizard (D:4)
  An iguana (D:4)
  2 adders (D:3)
  4 worms
  2 dart slugs
  A leopard gecko (D:2)
  2 orcs (D:4)
  2 ball pythons
  4 giant cockroaches
  7 hobgoblins
  7 kobolds
  2 quokkas
  4 bats (D:1)
  7 frilled lizards
  6 goblins
  7 rats
63 creatures vanquished.

Notes
Turn   | Place    | Note
-------+----------+-------------------------------------------
     0 | D:1      | Ozzies the Minotaur Fighter began the quest for the Orb.
     0 | D:1      | Reached XP level 1. HP: 19/19 MP: 0/0
   173 | D:1      | Reached XP level 2. HP: 27/27 MP: 1/1
   178 | D:1      | Reached skill level 4 in Fighting
   853 | D:2      | Reached XP level 3. HP: 34/34 MP: 2/2
   990 | D:2      | Found an iron altar of Okawaru.
  1002 | D:2      | Became a worshipper of Warmaster Okawaru
  1183 | D:3      | Found a runed translucent door.
  1184 | D:3      | Noticed p0werm0de's ghost (amateur OpFi)
  1232 | D:3      | Killed p0werm0de's ghost
  1232 | D:3      | Reached * piety under Okawaru
  1232 | D:3      | Reached skill level 6 in Fighting
  1232 | D:3      | Reached XP level 4. HP: 10/44 MP: 3/3
  1232 | D:3      | Reached XP level 5. HP: 11/50 MP: 4/4
  1669 | D:3      | Found a white marble altar of Elyvilon.
  2270 | D:4      | Reached skill level 7 in Fighting
  2270 | D:4      | Reached XP level 6. HP: 60/60 MP: 5/5
  2414 | D:4      | Found a staircase to the Ecumenical Temple.
  2437 | D:4      | Reached skill level 5 in Axes
  2471 | D:4      | Noticed a two-headed ogre
  2478 | D:4      | HP: 3/60 [two-headed ogre/+0 giant club (22)]
  2484 | D:4      | Mangled by a two-headed ogre

Illustrated notes

Levels and vault maps discovered:
D:1:      kennysheep_arrival_seaside, layout_basic, serial_bayou_lake_a
D:2:      layout_basic, okawaru_ov_weapons_minmay, st_stairs_14
D:3:      layout_basic, lemuel_round_altar, gammafunk_ghost_grave, first_ration
D:4:      layout_layer_cave, temple_doors_e

Skill      XL: |  1  2  3  4  5  6 |
---------------+-------------------+-----
Fighting       | 4 6 7 |  7.4
Armour         | 4 |  4.0
Shields        | 4 |  4.0
Axes           | 4 5 |  5.0

Action                   |  1- 3 |  4- 6 || total
-------------------------+-------+-------++-------
Melee: War axe           |    93 |    58 ||   151
       Headbutt          |    14 |    12 ||    26
  Eat: Chunk             |     1 |     4 ||     5
Armor: Scale mail        |    40 |    18 ||    58
Dodge: Dodged            |    27 |    12 ||    39
Block: Kite shield       |    54 |    30 ||    84

Table legend:
 A = Non-vault XP
 B = Vault XP
 C = Vault XP percentage of total XP
 D = Non-vault monster count
 E = Vault monster count
 F = Vault count percentage of total count
                 A         B        C        D         E       F
            +---------+---------+-------+---------+---------+-------
      Total |     396 |     174 |  30.5 |      60 |       3 |   4.8
            +---------+---------+-------+---------+---------+-------
        D:1 |      39 |       0 |   0.0 |      25 |       0 |   0.0
        D:2 |      17 |       3 |  15.0 |       8 |       2 |  20.0
        D:3 |      62 |     171 |  73.4 |      17 |       1 |   5.6
        D:4 |     278 |       0 |   0.0 |      10 |       0 |   0.0
            +---------+---------+-------+---------+---------+-------
